AoeStats
← Tom

Arena

506098667Analyzed
2v2 RM · 21d ago on Sep 12, 2026· 38m 36s· 4 players
Game mode
Random Map
Map size
Medium (4 player)
Population
200
Speed
Normal
Resources
Standard
Victory
Conquest
Starting age
Dark Age
Ending age
Imperial Age
RankedLock teamsTeams togetherTeam positionsShared explorationLock speedFull tech treeHidden civsTurbo modeCheats
Victory
Defeat
🇨🇳 Khitans · China
842
+15
🇨🇳 Goths · China
704
+21
🇷🇺 Khmer · Russia
1019
-26
🇷🇺 Spanish · Russia
607
-10
Market Blockers
11:28 Feudal Age
12:41 Domestication
15:02 Castle Age
13:10 Double-Bit Axe
15:06 Wheelbarrow
16:04 Bow Saw
16:28 Pastoralism
23:45 Gold Mining
28:13 Imperial Age
25:17 Man-at-Arms
25:43 Gambesons
25:58 Squires
26:03 Scale Mail Armor
26:30 Husbandry
25:55 Long Swordsman
26:35 Squires
26:21 Arson
27:23 Forging
27:29 Chain Mail Armor
27:14 Arson
28:42 Loom
29:12 Hand Cart
28:45 Town Watch
28:22 Capped Ram
29:15 Siege Ram
29:59 Two-Handed Swordsman
31:06 Champion
32:22 Iron Casting
32:18 Plate Mail Armor
34:18 Elite Skirmisher
36:11 Plate Mail Armor
36:30 Fletching
36:41 Padded Archer Armor
37:49 Lamellar Armor
38:05 Conscription
PoiseDivaSanaつ
5:31 Loom
11:11 Feudal Age
12:01 Double-Bit Axe
14:59 Castle Age
14:46 Wheelbarrow
17:21 Bow Saw
19:14 Horse Collar
27:23 Imperial Age
31:54 Conscription
31:56 Gold Mining
32:15 Heavy Plow
33:27 Scale Mail Armor
33:08 Man-at-Arms
33:48 Squires
33:35 Long Swordsman
34:09 Two-Handed Swordsman
36:12 Chemistry
34:58 Pikeman
36:23 Chain Mail Armor
36:18 Forging
36:37 Stone Mining
37:03 Hand Cart
37:31 Padded Archer Armor
37:42 Forging
Tom
10:51 Feudal Age
11:17 Double-Bit Axe
11:34 Horse Collar
18:25 Castle Age
17:11 Loom
17:31 Stone Mining
17:32 Gold Mining
19:24 Bow Saw
23:18 Stone Shaft Mining
23:54 Heavy Plow
25:05 Wheelbarrow
24:17 Town Watch
29:04 Hand Cart
30:21 Fortified Wall
35:34 Imperial Age
33:04 Town Patrol
33:18 Forging
33:09 Scale Mail Armor
33:14 Scale Barding Armor
33:09 Padded Archer Armor
33:17 Padded Archer Armor
33:22 Fletching
35:49 Murder Holes
35:51 Cavalier
36:32 Husbandry
36:42 Bloodlines
37:12 Conscription
36:44 Arson
36:59 Squires
36:45 Gambesons
36:20 Pikeman
38:26 Two-Man Saw
Sumka_Volosni
11:03 Feudal Age
12:24 Loom
15:01 Castle Age
13:18 Double-Bit Axe
13:14 Horse Collar
14:09 Gold Mining
15:56 Light Cavalry
17:09 Bow Saw
26:49 Forging
27:16 Heavy Plow
29:47 Wheelbarrow
34:39 Imperial Age
32:25 Hand Cart
31:56 Town Watch
Connection lost

Rejoining the realm…

Still unreachable

The connection could not be restored.

Session expired

The server has moved on; the page needs a fresh start.